 Dungeon Crawl Stone Soup version 0.30.0-19-g36f170ea60 (webtiles) character file.

Game seed: 3927557230799606932

31234 bmack86 the Warrior (level 13, -11/190 HPs)
             Began as a Minotaur Fighter on June 2, 2023.
             Was an Initiate of Gozag.
             Mangled by an ettin
             ... wielding a +0 dire flail
              (12 damage)
             ... while petrified by a catoblepas
             ... on level 14 of the Dungeon.
             The game lasted 00:40:57 (14528 turns).

bmack86 the Warrior (Minotaur Fighter)             Turns: 14528, Time: 00:40:58

Health: -11/190    AC: 25    Str: 23    XL:     13   Next: 24%
Magic:  12/12      EV:  2    Int:  5    God:    Gozag
Gold:   2807       SH:  0    Dex: 16    Spells: 12/12 levels left

rFire   . . .        a - +1 war axe (freeze)
rCold   . . .        O - +4 tower shield
rNeg    + + +        L - +1 crystal plate armour "Zinoobez" {Harm Str-4 Dex+7 Stlth+}
rPois   ∞            (helmet restricted)
rElec   .            j - scarf {repulsion}
rCorr   .            y - +2 pair of gloves
SInv    +            (no boots)
Will    .....        r - amulet of the acrobat Stlth
                     I - ring of flight
HPRegen 0.51/turn    H - ring of see invisible
MPRegen 0.13/turn

%: harm (+30% outgoing, +20% incoming), repel missiles, acrobat
@: berserking (expiring), petrified, gold aura, flying
A: horns 2, retaliatory headbutt
a: Renounce Religion, Potion Petition, Call Merchant, Bribe Branch


You were on level 14 of the Dungeon.
You worshipped Gozag.
Gozag was most pleased with you.
You visited 2 branches of the dungeon, and saw 15 of its levels.
You also visited: Sewer and Bailey.

You collected 2944 gold pieces.
You spent 58 gold pieces at shops.
You paid 79 gold pieces to Gozag.

Inventory:

Hand Weapons
 a - a +1 war axe of freezing (weapon)
Missiles
 f - 5 javelins
 x - 8 boomerangs (quivered)
Armour
 b - a +2 kite shield
 c - a +1 buckler
 j - a scarf of repulsion (worn)
 w - a +1 chain mail of poison resistance
 y - a +2 pair of gloves (worn)
 L - the +1 crystal plate armour "Zinoobez" (worn) {Harm Str-4 Dex+7 Stlth+}
   (You found it in a bailey)

   Str:       It affects your strength (-4).
   Dex:       It affects your dexterity (+7).
   Harm:      It increases damage dealt and taken.
   Stlth:     It makes you more stealthy.
 O - a +4 tower shield (worn)
Jewellery
 k - an amulet of guardian spirit
 r - an amulet of the acrobat (around neck)
 C - a ring of protection from fire
 G - a ring of ice
 H - a ring of see invisible (right hand)
 I - a ring of flight (left hand)
Wands
 v - a wand of acid (4)
 J - a wand of polymorph (10)
 M - a wand of charming (10)
 Q - a wand of digging (6)
Scrolls
 e - 13 scrolls of teleportation
 l - a scroll of poison
 n - 4 scrolls of fog
 u - 2 scrolls of magic mapping
 A - 2 scrolls of blinking
 D - 3 scrolls of fear
 F - a scroll of enchant weapon
 N - 8 scrolls of identify
 P - a scroll of brand weapon
Potions
 d - 3 potions of might
 g - a potion of invisibility
 h - 3 potions of haste
 i - 2 potions of attraction
 m - 4 potions of berserk rage
 o - 4 potions of heal wounds
 p - 5 potions of brilliance
 q - 2 potions of flight
 s - 2 potions of magic
 t - 12 potions of curing
 z - 2 potions of lignification
 B - 5 potions of mutation
 E - 2 potions of cancellation
 K - 3 potions of resistance


   Skills:
 + Level 15.3 Fighting
 - Level 14.1 Axes
 + Level 6.1 Throwing
 - Level 10.8 Armour
 * Level 13.4 Shields


You had 12 spell levels left.
You didn't know any spells.
Your spell library contained the following spells:

 Spells                   Type           Power      Damage    Failure   Level
 Apportation              Tloc           0%         N/A       100%        1
 Beastly Appendage        Tmut           0%         N/A       100%        1
 Ensorcelled Hibernation  Hex/Ice        0%         N/A       100%        2
 Lesser Beckoning         Tloc           0%         N/A       100%        2
 Passwall                 Tmut/Erth      0%         N/A       100%        2
 Wereblood                Tmut           0%         N/A       100%        2
 Confusing Touch          Hex            0%         N/A       100%        3
 Gell's Gravitas          Tloc           0%         N/A       100%        3
 Inner Flame              Hex/Fire       0%         N/A       100%        3
 Spider Form              Tmut/Pois      0%         N/A       100%        3
 Swiftness                Air            0%         N/A       100%        3
 Teleport Other           Tloc           0%         N/A       100%        3
 Fulminant Prism          Conj/Hex       0%         3d5       100%        4
 Leda's Liquefaction      Hex/Erth       0%         N/A       100%        4
 Lee's Rapid Deconstruct  Erth           0%         3d4*      100%        5
 Yara's Violent Unravell  Hex/Tmut       0%         3d3       100%        5
 Statue Form              Tmut/Erth      0%         N/A       100%        6
 Enfeeble                 Hex            0%         N/A       100%        7


Dungeon Overview and Level Annotations

Branches:
Dungeon (14/15)            Temple (1/1) D:5            Lair (0/5) D:8
    Orc (0/2) D:10         Vaults (0/5) D:14          Sewer (visited)
 Bailey (visited)

Altars:
Ashenzari
Cheibriados
Dithmenos
Elyvilon
Fedhas
Gozag
Hepliaklqana
Kikubaaqudgha
Makhleb
Nemelex Xobeh
Okawaru
Qazlal
Ru
Sif Muna
Trog
Uskayaw
Vehumet
Wu Jian
Xom
Yredelemnul
Zin
The Shining One

Shops:
D:4 :   D:8 **[   D:9 (

Annotations:
D:14 1 transporter


Innate Abilities, Weirdness & Mutations

You have a pair of horns on your head.
You reflexively headbutt those who attack you in melee.


Message History

The salamander changes into a cane toad!
The ettin hits you with a +0 dire flail!
* * * LOW HITPOINT WARNING * * *
The ettin hits you with a +2 dire flail of draining!
* * * LOW HITPOINT WARNING * * *
The deep troll earth mage bites you!
* * * LOW HITPOINT WARNING * * *
The deep troll earth mage barely misses you.
The deep troll earth mage claws you but does no damage.
The cyclops is distracted by your dazzling golden aura.
The six-headed hydra bites you but does no damage. x2
The six-headed hydra bites you.
* * * LOW HITPOINT WARNING * * *
The six-headed hydra bites you but does no damage. x3
The cyclops shouts!
The centaur warrior is no longer distracted by gold.
The green ugly thing is no longer distracted by gold.
The cane toad changes into a komodo dragon!
The ettin hits you with a +0 dire flail!
* * * LOW HITPOINT WARNING * * *
The ettin hits you with a +2 dire flail of draining.
* * * LOW HITPOINT WARNING * * *
The deep troll earth mage bites you!
* * * LOW HITPOINT WARNING * * *
The deep troll earth mage claws you but does no damage. x2
The green ugly thing kicks you.
* * * LOW HITPOINT WARNING * * *
The six-headed hydra bites you but does no damage. x5
The six-headed hydra bites you!
* * * LOW HITPOINT WARNING * * *
The wolf spider is distracted by your dazzling golden aura.
The centaur warrior is distracted by your dazzling golden aura.
The wolf spider's many legs skitter.
The centaur warrior shouts!
The wolf spider is no longer distracted by gold.
The centaur warrior is no longer distracted by gold.
The boulder beetle is no longer distracted by gold.
The gargoyle is no longer distracted by gold.
The ettin hits you with a +0 dire flail!!
You die...
Your body crumbles into a pile of gold.

.## #..# #
..###<##
####.#...#.####
# #......#
#####..>..#####
## ##...###
#.####...####.#
##. .##..#
#..###...###..#
#.. ##...###
#..##.Qc..##..#
#.. #......#
#..#.Y#B#H.#..#
#.. ..##.###
#...lsTDCCT...#
##. ####.#.#
#...9cT@ucB...#
########
####.#.#
#.##.##$##y.#.#
#.......
.....#.#
#.#.###.##..#.#
########
######.#
#######.#.#####
# # #.#
#######..######
# # #.##
##.........## #
# #..#
#.........# #
## #..#
#.........#
#### .# #..#
#.........#
##...


You could see a sphinx, a catoblepas, 2 boulder beetles, a six-headed hydra, a
green ugly thing, an ettin, a wolf spider, 3 centaur warriors, a cyclops, 3 deep
troll earth magi, a komodo dragon shaped shifter, a hornet, a tengu conjurer and
a gargoyle.

Vanquished Creatures
  Frances (D:14)
  The ghost of qdestroyer the Severer, a journeyman MiBe of Trog (D:11)
  A yaktaur captain (D:14)
  2 hydras (D:14)
  3 two-headed ogres
  3 centaur warriors (D:14)
  2 boulder beetles
  A fire crab (D:12)
  An orc knight (Bailey)
  Pikel (D:7)
  A phantasmal warrior (D:14)
  An ugly thing (D:12)
  A deep elf pyromancer (D:14)
  4 manticores
  5 cyclopes
  Joseph (D:9)
  The ghost of Charmandara the Spear-Bearer, a novice DrRe of Makhleb (D:6)
  A gargoyle (D:10)
  2 yaktaurs (D:14)
  An unseen horror zombie (D:9)
  3 kobold demonologists
  2 freezing wraiths (D:14)
  An efreet (D:14)
  A komodo dragon (D:11)
  3 trolls (D:12)
  Prince Ribbit (D:6)
  8 slime creatures
  Sigmund (D:2)
  17 yaks
  A spriggan (shapeshifter) (D:14)
  A shadow (D:11)
  2 wraiths
  Eustachio (D:5)
  A wyvern (D:10)
  Grum (D:10)
  13 vampire mosquitoes
  An acid dragon (D:10)
  4 water moccasins
  An ice beast (D:5)
  5 orc warriors (Bailey)
  A sky beast (D:8)
  4 black bears
  4 wolves (D:10)
  15 centaurs
  2 ogres (D:5)
  A lemure (D:7)
  A phantom (D:5)
  A kobold brigand (D:13)
  Blork the orc (D:5)
  4 bullfrogs
  10 scorpions
  2 gnoll sergeants
  A hornet simulacrum (D:14)
  A killer bee (D:7)
  An electric eel (D:6)
  18 howler monkeys
  A centaur zombie (D:9)
  7 hounds
  7 orc priests
  An iguana (D:5)
  Terence (D:2)
  A gnoll bouda (D:5)
  5 orc wizards
  Robin (D:2)
  21 gnolls
  12 adders
  A shadow imp (D:5)
  3 white imps
  2 ufetubi
  3 worms
  4 dart slugs
  39 orcs
  6 endoplasms
  10 giant cockroaches
  24 goblins
  9 hobgoblins
  4 jackals (D:4)
  12 kobolds
  5 quokkas
  10 ball pythons
  5 bats
  7 frilled lizards
  5 rats
375 creatures vanquished.

Notes
Turn   | Place    | Note
-------+----------+-------------------------------------------
     0 | D:1      | bmack86 the Minotaur Fighter began the quest for the Orb.
     0 | D:1      | Reached XP level 1. HP: 19/19 MP: 0/0
    68 | D:1      | Reached XP level 2. HP: 25/26 MP: 1/1
   295 | D:1      | Reached XP level 3. HP: 31/31 MP: 2/2
   453 | D:1      | Got the Meditations on Shifting and Bad Luck
   829 | D:2      | Reached skill level 5 in Axes
   835 | D:2      | Noticed Sigmund
   842 | D:2      | Killed Sigmund
   843 | D:2      | Reached XP level 4. HP: 34/39 MP: 3/3
   843 | D:2      | Reached XP level 5. HP: 39/45 MP: 4/4
   938 | D:2      | Noticed Terence
   945 | D:2      | Killed Terence
   979 | D:2      | Identified the +2 helmet of the Shining Light {rElec Will-
                  | Str+4 Int-3}
   979 | D:2      | Noticed Robin
  1021 | D:2      | Reached XP level 6. HP: 50/51 MP: 5/5
  1037 | D:2      | Killed Robin
  1323 | D:3      | Found a glowing drain.
  1338 | Sewer    | Entered a sewer
  1697 | D:3      | Found an iron altar of Okawaru.
  2522 | D:4      | Reached XP level 7. HP: 55/57 MP: 6/6
  2646 | D:4      | Found Siblauz's Book Boutique.
  2726 | D:4      | Reached skill level 10 in Axes
  2800 | D:4      | Found a sacrificial altar of Ru.
  3195 | D:5      | Entered Level 5 of the Dungeon
  3232 | D:5      | Noticed Eustachio
  3251 | D:5      | Killed Eustachio
  3252 | D:5      | Reached XP level 8. HP: 64/64 MP: 7/7
  3876 | D:5      | Noticed Blork the orc
  3883 | D:5      | Killed Blork the orc
  3924 | D:5      | Found a staircase to the Ecumenical Temple.
  3935 | Temple   | Entered the Ecumenical Temple
  3943 | Temple   | Became a worshipper of Gozag Ym Sagoz the Greedy
  4591 | D:5      | Reached XP level 9. HP: 70/70 MP: 8/8
  4834 | D:6      | Reached skill level 4 in Fighting
  4862 | D:6      | Found a runed translucent door.
  4864 | D:6      | Noticed Charmandara's ghost (novice DrRe)
  5161 | D:6      | Noticed Prince Ribbit
  5176 | D:6      | Killed Prince Ribbit
  5391 | D:6      | Reached skill level 5 in Fighting
  5391 | D:6      | Reached skill level 5 in Armour
  5774 | D:6      | Killed Charmandara's ghost
  5857 | D:7      | Reached skill level 6 in Fighting
  5980 | D:7      | Found an iron altar of Okawaru.
  6036 | D:7      | Noticed Pikel
  6050 | D:7      | Killed Pikel
  6051 | D:7      | Reached skill level 7 in Fighting
  6314 | D:7      | Reached XP level 10. HP: 74/88 MP: 9/9
  6741 | D:8      | Reached skill level 8 in Fighting
  6835 | D:8      | Reached skill level 9 in Fighting
  6854 | D:8      | Found Nushruhij's Assorted Antiques.
  6890 | D:8      | Bought a scroll labelled BOICVEQUFO for 29 gold pieces
  6890 | D:8      | Bought a scroll labelled BOICVEQUFO for 29 gold pieces
  6917 | D:8      | Found Fesyteh's Armour Shop.
  6945 | D:8      | Found a staircase to the Lair.
  7007 | D:8      | Found Vaikku's General Store.
  7428 | D:9      | Noticed Joseph
  7442 | D:9      | Killed Joseph
  7604 | D:9      | Reached skill level 10 in Fighting
  7604 | D:9      | Reached skill level 10 in Armour
  8000 | D:9      | Found a bloodstained altar of Trog.
  8002 | D:9      | Found a glowing golden altar of the Shining One.
  8100 | D:9      | Found Plog's Weapon Boutique.
  8223 | D:9      | Found a basalt altar of Yredelemnul.
  8355 | D:10     | Entered Level 10 of the Dungeon
  8363 | D:10     | Noticed a two-headed ogre
  8377 | D:10     | Killed a two-headed ogre
  8378 | D:10     | Reached skill level 5 in Shields
  8424 | D:10     | Found a flagged portal.
  8436 | Bailey   | Entered a bailey
  8555 | Bailey   | Reached skill level 11 in Fighting
  8706 | Bailey   | Reached XP level 11. HP: 73/102 MP: 10/10
  8775 | Bailey   | Noticed an orc knight
  8785 | Bailey   | Killed an orc knight
  8860 | Bailey   | Identified the +1 helmet of Refuge {rF+ MP+9}
  8862 | Bailey   | Identified the +1 crystal plate armour "Zinoobez" {Harm
                  | Str-4 Dex+7 Stlth+}
  8973 | D:10     | Found a staircase to the Orcish Mines.
  9198 | D:10     | Found an ornate altar of the Wu Jian Council.
  9277 | D:10     | Noticed Grum
  9291 | D:10     | Killed Grum
  9506 | D:10     | Reached skill level 12 in Fighting
 10221 | D:11     | Found a runed translucent door.
 10224 | D:11     | Noticed qdestroyer's ghost (journeyman MiBe)
 10270 | D:11     | Noticed a two-headed ogre
 10282 | D:11     | Killed qdestroyer's ghost
 10285 | D:11     | Killed a two-headed ogre
 10286 | D:11     | Reached skill level 13 in Fighting
 11175 | D:12     | Noticed a fire crab
 11185 | D:12     | Killed a fire crab
 11502 | D:12     | Noticed a boulder beetle
 11521 | D:12     | Killed a boulder beetle
 11522 | D:12     | Reached skill level 10 in Shields
 11742 | D:12     | Noticed a two-headed ogre
 11750 | D:12     | Killed a two-headed ogre
 11751 | D:12     | Reached skill level 1 in Throwing
 11751 | D:12     | Reached XP level 12. HP: 115/116 MP: 11/11
 12113 | D:13     | Reached skill level 14 in Fighting
 12415 | D:13     | Identified the +0 chain mail of Gehenna {*Corrode Int+2
                  | Dex+3}
 12458 | D:13     | Noticed a boulder beetle
 12487 | D:13     | Killed a boulder beetle
 12835 | D:13     | Identified the +3 scale mail of Divine Wonder {rN+}
 13251 | D:14     | Noticed a centaur warrior
 13263 | D:14     | Killed a centaur warrior
 13354 | D:14     | Noticed Frances
 13366 | D:14     | Killed Frances
 13615 | D:14     | Noticed a four-headed hydra
 13624 | D:14     | Noticed a centaur warrior
 13627 | D:14     | Reached skill level 5 in Throwing
 13630 | D:14     | Killed a six-headed hydra
 13631 | D:14     | Noticed a centaur warrior
 13635 | D:14     | Noticed a yaktaur captain
 13639 | D:14     | Killed a centaur warrior
 13640 | D:14     | Reached skill level 15 in Fighting
 13640 | D:14     | Killed a centaur warrior
 13641 | D:14     | Reached XP level 13. HP: 95/126 MP: 12/12
 14040 | D:14     | Found a transporter.
 14181 | D:14     | Identified the +5 scale mail of Submission {Slay+3}
 14244 | D:14     | Found a gate to the Vaults.
 14425 | D:14     | Found a transporter.
 14503 | D:14     | Noticed a sphinx
 14506 | D:14     | Noticed an ettin
 14527 | D:14     | HP: 6/190 [deep troll earth mage (7)]
 14527 | D:14     | HP: 1/190 [six-headed hydra (4)]
 14528 | D:14     | Mangled by an ettin

Illustrated notes

Levels and vault maps discovered:
D:1:      lightli_arrival_maybe_door_vault, layout_loops_ring,
          minmay_tetromino_l2
D:2:      layout_rooms, minmay_unequal, uniq_terence, uniq_sigmund, uniq_robin
D:3:      layout_loops_cross, okawaru_gym_becter, gup_sewer_entry_pipe
D:4:      layout_cave_pools, nicolae_ru_sacrificial_ziggurat, serial_shops,
          shop, dreamdust_gnoll_farm
D:5:      layout_loops_corners, minmay_temple_entry_wispy, uniq_eustachio,
          uniq_blork_the_orc
D:6:      layout_loops_ring, serial_bayou, serial_bayou_pond_a,
          serial_bayou_shore_b, serial_bayou_crossing, serial_bayou_lagoon_a,
          hellmonk_ghost_happy_afterlife, uniq_prince_ribbit1
D:7:      layout_loops_ring, minmay_ruined_shrine, uniq_pikel
D:8:      layout_basic, due_lair_maze_entry_diamond, serial_shops, shop,
          nicolae_take_the_stairs, shop, minivault_26
D:9:      layout_stronghold, lemuel_zombie_altar_yredelemnul, minitemple,
          serial_shops, shop, chequers_serial_rivers_small_b,
          nicolae_elevator_lobby_plus, uniq_joseph
D:10:     layout_grid_maze, mainiacjoe_overflow_catwalk, orc_0_dummy,
          enter_bailey_2, kb_lookout_dungeons_type, grunt_ministairs_1,
          uniq_grum
D:11:     layout_basic, gammafunk_ghost_grave, minmay_misc_feat_nine_boxes
D:12:     layout_stronghold
D:13:     layout_long_grid, serial_rivers, chequers_serial_rivers_large_a,
          chequers_serial_rivers_micro_d, chequers_serial_rivers_micro_d,
          chequers_serial_rivers_micro_c, chequers_serial_rivers_small_b,
          chequers_serial_rivers_large_b, chequers_serial_rivers_micro_b
D:14:     gammafunk_dig_for_victory, layout_loops_ring, david_vaults_2,
          nrook_pool_corridor, minmay_fractal_squares_gapless_5, uniq_frances
Temple:   nicolae_temple_bog_church

Skill      XL: |  1  2  3  4  5  6  7  8  9 10 11 12 13 |
---------------+----------------------------------------+-----
Axes           | 3 4 7 9 11 14 | 14.1
Fighting       | 7 11 13 15 | 15.3
Armour         | 7 10 | 10.8
Shields        | 5 10 12 13 | 13.4
Throwing       | 1 5 6 |  6.1

Action                     |  1- 3 |  4- 6 |  7- 9 | 10-12 | 13-15 || total
---------------------------+-------+-------+-------+-------+-------++-------
  Melee: War axe           |    78 |   164 |   279 |   493 |    54 ||  1068
         Headbutt          |     9 |    22 |    37 |   131 |    17 ||   216
         Unarmed           |       |       |       |     6 |       ||     6
  Throw: Boomerang         |       |       |       |     4 |       ||     4
    Use: Scroll            |     1 |    10 |     8 |    18 |       ||    37
         Potion            |       |       |     1 |     2 |     1 ||     4
   Stab: Distracted        |       |       |       |     3 |       ||     3
         Invisible         |       |       |       |     2 |       ||     2
 Armour: Scale mail        |    30 |    51 |       |       |       ||    81
         Chain mail        |       |     8 |   110 |    68 |       ||   186
         Crystal plate arm |       |       |       |   195 |    64 ||   259
  Dodge: Dodged            |    41 |    99 |   171 |   180 |    15 ||   506
         Repelled          |       |       |     4 |     1 |       ||     5
  Block: Buckler           |    16 |    50 |    79 |    21 |       ||   166
         Kite shield       |       |       |       |   188 |       ||   188
         Tower shield      |       |       |       |    87 |    74 ||   161
